 Dungeon Crawl Stone Soup version 0.18-a0-801-gb01a236 (webtiles) character file.

103 JokEr the Skirmisher (level 4, -1/30 HPs)
             Began as a Gargoyle Fighter on Dec 14, 2015.
             Killed by nerve-wracking pain
             ... invoked by Grinder
              (4 damage)
             ... on level 3 of the Dungeon.
             The game lasted 00:02:24 (1637 turns).

JokEr the Skirmisher (Gargoyle Fighter)             Turns: 1637, Time: 00:02:24

Health: -1/30      AC: 11    Str: 25    XL:     4   Next: 79%
Magic:  4/4        EV:  7    Int: 11    God:
Gold:   102        SH:  9    Dex:  9    Spells: 0 memorised, 3 levels left

rFire  . . .     SeeInvis .     a - +0 flail
rCold  . . .     Clarity  .     b - +1 scale mail
rNeg   + . .     SustAt   .     c - +0 shield
rPois  ∞         Gourm    .     (no helmet)
rElec  +         Spirit   .     (no cloak)
rCorr  .         Dismiss  .     (no gloves)
rMut   .         Stasis   .     (no boots)
MR     .....                    (no amulet)
Stlth  ..........               (no ring)
                                (no ring)

@: mighty, not resistant to hostile enchantments, extremely unstealthy
A: clever 1, negative energy resistance 1, electricity resistance, unbreathing,
petrification resistance, rot immunity, AC +3
a: no special abilities


You were on level 3 of the Dungeon.
You were not hungry.

You visited 1 branch of the dungeon, and saw 3 of its levels.

You collected 102 gold pieces.

Inventory:

Hand Weapons
 a - a +0 flail (weapon)
Armour
 b - a +1 scale mail (worn)
 c - a +0 shield (worn)
Scrolls
 e - a scroll of identify
Potions
 d - a potion of might
 f - a potion of agility {unknown}
 g - 2 potions of curing {unknown}
 h - a potion of cancellation {unknown}
 i - a potion of ambrosia {unknown}
 j - a potion of lignification {unknown}
Comestibles
 k - a meat ration
 l - 3 fruits
 m - a royal jelly
 n - a slice of pizza


   Skills:
 + Level 4.5 Fighting
 + Level 3.2 Maces & Flails
 + Level 4.1 Armour
 - Level 3.2 Shields


You had 3 spell levels left.
You didn't know any spells.

Dungeon Overview and Level Annotations

Branches:
Dungeon (3/15)

Altars:
Makhleb

Annotations:
D:3 Grinder, Robin


Innate Abilities, Weirdness & Mutations

You are resistant to torment.
Your stone body is resilient (AC +3).
You are immune to poison.
You resist negative energy.
You are resistant to electric shocks.
You can survive without breathing.
You are immune to petrification.
You are immune to rotting.
Your mind is acute. (Int +2)


Message History

The orc priest mumbles some strange prayers to Beogh against you.
Something smites you!
* * * LOW HITPOINT WARNING * * *
An orc comes into view. It is wielding a club.
You are too injured to fight recklessly!
You are too injured to fight recklessly!
Drink which item? (? for menu, Esc to quit)
Okay, then.
Read which item? (? for menu, Esc to quit)
Okay, then.
Drink which item? (? for menu, Esc to quit)
You feel very mighty all of a sudden. You block the goblin's attack.
Grinder hits you but does no damage. You block the orc's attack.
You sock Grinder!
Grinder is moderately wounded.
The goblin hits you but does no damage. Grinder gestures at you.
Pain shoots through your body!
You die...

#....###.........##.#
.................##.#
...............>.##.##
#.......#..##........#
#.†...#........###.#. ##
#.....#.#......## <.##...
###...#.#.#..... ......##
#...†##.#.#..#.###.......
###...†......#..@5#......
#...##†.......###g#...g..
#.####........###o#......
#. #.............gg...ggg
# #...........##..oo..o.#
.....#........##.$......
.....#_#.####.......##.#.
......#... #......## #
..........##........


You could see Grinder, an orc priest, 2 orcs, a hobgoblin (frenzied) and 2
goblins.

Vanquished Creatures
  A hound (D:2)
  A gnoll (D:1)
  2 adders
  An orc (D:3)
  2 giant cockroaches (D:1)
  12 goblins
  7 hobgoblins
  4 jackals (D:3)
  7 bats
  5 giant newts
  A kobold (D:1)
  4 rats
47 creatures vanquished.

Notes
Turn   | Place    | Note
--------------------------------------------------------------
     0 | D:1      | JokEr the Gargoyle Fighter began the quest for the Orb.
     0 | D:1      | Reached XP level 1. HP: 14/14 MP: 1/1
   245 | D:1      | You fall through a shaft!
   249 | D:2      | Reached XP level 2. HP: 18/20 MP: 2/2
   552 | D:1      | Reached XP level 3. HP: 24/24 MP: 3/3
   768 | D:1      | Reached skill level 4 in Fighting
  1100 | D:1      | Gained mutation: Your mind is acute. (Int +2) [potion of beneficial mutation]
  1407 | D:2      | Found a burning altar of Makhleb.
  1415 | D:2      | Reached XP level 4. HP: 28/30 MP: 4/4
  1594 | D:3      | Found a faded altar to an unknown god.
  1612 | D:3      | Noticed Robin
  1626 | D:3      | Noticed Grinder
  1637 | D:3      | Killed from afar by Grinder

Vault maps used:
D:1:      tarquinn_simple_flora_water_b, minmay_misc_feat_nine_boxes,
          hangedman_decor_riveting
D:2:      makhleb_blood_cavern_becter
D:3:      ecumenical_altar_1, uniq_terence, uniq_robin, uniq_grinder

Action                   |  1- 3 |  4- 6 || total
-------------------------+-------+-------++-------
Melee: Flail             |    93 |    64 ||   157
  Use: Scroll            |     4 |     2 ||     6
       Potion            |     1 |     1 ||     2
  Eat: Bread ration      |     1 |       ||     1
